 Dungeon Crawl Stone Soup version 0.22.2-1-ge965b3a (webtiles) character file.

354 smallpebble the Chopper (level 6, 0/53 HPs)
             Began as a Hill Orc Fighter on Apr 11, 2019.
             Succumbed to an adder's poison
             ... on level 3 of the Dungeon.
             The game lasted 00:06:33 (2827 turns).

smallpebble the Chopper (Hill Orc Fighter)          Turns: 2827, Time: 00:06:33

Health: 0/53       AC:  8    Str: 20    XL:     6   Next: 62%
Magic:  6/6        EV:  8    Int:  8    God:
Gold:   119        SH:  9    Dex: 11    Spells: 5/5 levels left

rFire    + . .     SeeInvis .   a - +1 war axe
rCold    . . .     Gourm    .   c - +0 shield
rNeg     . . .     Faith    .   p - +1 ring mail {rF+}
rPois    .         Spirit   .   (no helmet)
rElec    .         Reflect  .   m - +0 cloak
rCorr    .         Harm     .   (no gloves)
MR       .....                  (no boots)
Stlth    +.........             (no amulet)
HPRegen  0.17/turn              (no ring)
MPRegen  0.10/turn              (no ring)

@: lethally poisoned (0 -> -4)
A: no striking features
a: no special abilities


You were on level 3 of the Dungeon.
You were not hungry.

You visited 1 branch of the dungeon, and saw 4 of its levels.

You collected 119 gold pieces.

Inventory:

Hand Weapons
 a - a +1 war axe (weapon)
 q - a +0 war axe
Armour
 b - a +0 scale mail
 c - a +0 shield (worn)
 k - a +1 helmet
 m - a +0 cloak (worn)
 p - a +1 ring mail of fire resistance (worn)
 t - a +0 buckler
Jewellery
 n - an uncursed ring of wizardry {unknown}
Wands
 j - a wand of enslavement (16)
Scrolls
 r - a scroll of fog {unknown}
 s - a scroll of enchant armour {unknown}
Potions
 d - 2 potions of might
 e - a potion of lignification {unknown}
 g - 2 potions of degeneration {unknown}
 h - a potion of curing {unknown}
 i - a potion of heal wounds {unknown}
 l - a potion of flight {unknown}
 o - a potion of cancellation {unknown}
Comestibles
 f - 4 rations


   Skills:
 + Level 4.6 Fighting
 + Level 5.9 Axes
 + Level 4.6 Armour
 + Level 0.8 Dodging
 + Level 4.7 Shields


You had 5 spell levels left.
You didn't know any spells.
Your spell library was empty.

Dungeon Overview and Level Annotations

Branches:
Dungeon (4/15)
 Temple: D:4-7

Altars:
Dithmenos
Elyvilon
Gozag
Hepliaklqana
Xom


Message History

The phantom blinks!
You block the orc's attack. You block the orc's attack.
The orc priest invokes the aid of Beogh against you.
Beogh smites you! The adder barely misses you.
The orc priest invokes the aid of Beogh against you.
Beogh smites you!
* * * LOW HITPOINT WARNING * * *
There is a stone staircase leading up, spattered with blood here.
The adder bites you.
* * * LOW HITPOINT WARNING * * *
You are lethally poisoned!
The adder poisons you!
You climb upwards.
* * * LOW HITPOINT WARNING * * *
You feel sick.
There is a stone staircase leading down, spattered with blood here.
You slash the orc!
You kill the orc!
You hit the adder.
You die...

#.###.....## ####.##.......
#..........########.###.#####
#######..............##.#
#...............##.#
#..#..#.######..##.# ##
#..#..#.# ##.##.####)
#.....#.# #####......)<)
#...#.#†# #.......).).#(
#...#.#@# #.###.####..#.
#.....S.# #)# #.# #[.#.
##..#...###.# #.# #..#.
#..##...##.# #.# #..#.
#.........)# #.# #..#.
##.##...#..###.## #..#.
#.###.#...##.#.###.... #.#
#...#...###....... #.#
###...##.#.####.##


You could see an adder.

Vanquished Creatures
  3 howler monkeys
  2 hounds (D:3)
  A centaur skeleton (D:4)
  Robin (D:3)
  4 adders
  4 worms
  3 dart slugs (D:1)
  A leopard gecko (D:4)
  5 orcs
  6 bats
  4 giant cockroaches
  14 goblins
  18 hobgoblins
  3 jackals (D:2)
  7 kobolds
  A quokka (D:2)
  3 frilled lizards
  2 rats (D:2)
82 creatures vanquished.

Notes
Turn   | Place    | Note
-------+----------+-------------------------------------------
     0 | D:1      | smallpebble the Hill Orc Fighter began the quest for the
                  | Orb.
     0 | D:1      | Reached XP level 1. HP: 19/19 MP: 1/1
   134 | D:1      | Reached XP level 2. HP: 27/27 MP: 2/2
   240 | D:1      | Reached skill level 3 in Axes
   307 | D:1      | Reached XP level 3. HP: 27/33 MP: 3/3
   821 | D:2      | Found a hazy altar of Hepliaklqana.
   822 | D:2      | Found a shadowy altar of Dithmenos.
   823 | D:2      | Found an opulent altar of Gozag.
   823 | D:2      | Found a white marble altar of Elyvilon.
   824 | D:2      | Found a shimmering altar of Xom.
   887 | D:2      | Reached XP level 4. HP: 12/40 MP: 4/4
  1155 | D:2      | Reached skill level 4 in Axes
  1896 | D:3      | Noticed Robin
  1928 | D:3      | Reached XP level 5. HP: 30/46 MP: 5/5
  1940 | D:3      | Killed Robin
  2519 | D:3      | Reached skill level 5 in Axes
  2674 | D:4      | Reached XP level 6. HP: 43/53 MP: 6/6
  2813 | D:4      | Noticed a phantom
  2825 | D:4      | HP: 1/53 [adder (3)]
  2827 | D:3      | Succumbed to an adder's poison

Skill      XL: |  1  2  3  4  5 |
---------------+----------------+-----
Axes           | 3 4 5 |  5.9
Fighting       | 4 |  4.6
Armour         | 4 |  4.6
Shields        | 4 |  4.7
Dodging        | |  0.8

Action                   |  1- 3 |  4- 6 || total
-------------------------+-------+-------++-------
Melee: War axe           |   116 |   119 ||   235
  Use: Scroll            |       |     4 ||     4
  Eat: Ration            |       |     2 ||     2
       Chunk             |       |     1 ||     1
Armor: Scale mail        |    65 |    39 ||   104
       Ring mail         |       |    28 ||    28
Dodge: Dodged            |    26 |    64 ||    90
Block: Shield            |    66 |    92 ||   158
